Workbook
Name Decision: [1]lista!$A$6:$A$7
Name PARTICIPACION: [1]lista!$A$15:$A$17
Name Procedencia: [1]lista!$A$2:$A$3
Name tipo: [1]lista!$A$11:$A$13
Name x: [2]lista!$A$11:$A$13

Sheet Anexo No. 2
B2: Republica de Colombia Instituto Colombiano de Bienestar Familiar Cecilia de la Fuente de Lleras Dirección de Información y Tecnología Subdirección de Recursos Tecnologicos
B4: Porcentaje de crecimiento anual para componentes asociados con crecimiento de usuarios. | C4: 0.04 | D4: Porcentaje de crecimiento anual para componentes asociados con crecimiento de infraestructura (sedes). | F4: 0.01
E6: PROYECCIÓN ANUAL ( Cantidades expresadas en Meses)
B7: COMPONENTE | C7: UNIDAD DE MEDIDA | D7: DESCRIPCION UNIDAD DE MEDIDA | E7: 2015 | F7: 2016 | G7: 2017 | H7: 2018
B8: Herramientas de Gestión | C8: Número de licencias (Ver Ficha Tecnica) | D8: Numero de licencias requeridas por el ICBF para sus grupos de soporte, no incluye grupo de soporte del CONTRATISTA. | E8: 225 | F8: 225 | G8: 225 | H8: 225
C9: Número de Usuarios (Si aplica) | D9: Numero de usuarios que podrian utilizar el Auto Servicio. | E9: 11500 | F9: =+ROUND(((E9*0.04)+E9),0) -> 11960 | G9: =+ROUND(((F9*0.04)+F9),0) -> 12438 | H9: =+ROUND(((G9*0.04)+G9),0) -> 12936 | I9: Edwin
B10: Mesa de Servicio | C10: No. de usuarios VIP | D10: Numero de usuarios que serán catalogados como VIP en el ICBF, para su atención especial. | E10: 50 | F10: 50 | G10: 50 | H10: 50
C11: Tickets Incidentes | D11: Incidentes | E11: 8420 | F11: =+ROUND(((E11*0.05)+E11),0) -> 8841 | G11: =+ROUND(((F11*0.05)+F11),0) -> 9283 | H11: =+ROUND(((G11*0.05)+G11),0) -> 9747
C12: Tickets Requerimientos | D12: Requerimientos y Cambios. | E12: 5450 | F12: =+ROUND(((E12*0.05)+E12),0) -> 5723 | G12: =+ROUND(((F12*0.05)+F12),0) -> 6009 | H12: =+ROUND(((G12*0.05)+G12),0) -> 6309
C13: Tickets IMACs | D13: instalaciones, Movimientos, Adiciones y Cambios | E13: 700 | F13: =+ROUND(((E13*0.05)+E13),0) -> 735 | G13: =+ROUND(((F13*0.05)+F13),0) -> 772 | H13: =+ROUND(((G13*0.05)+G13),0) -> 811
B14: Soporte en Sitio Especializado | C14: Sedes con soporte en sitio (Ver ANEXO INFORMATIVO N° 3.2 SEDES SOPORTE EN SITIO ESPECIALIZADO. | D14: Número de Sedes con Soporte en Sitio ubicados en la Sede de la Dirección General, 33 Regionales, Centros Zonales y demás sedes. | E14: 158 | F14: =158+5 -> 163 | G14: =163+5 -> 168 | H14: =168+5 -> 173
B15: Organización del proyecto | C15: Servicio Administración | E15: Valor Mensual | F15: Valor Mensual | G15: Valor Mensual | H15: Valor Mensual

Sheet Mesa de Servicio
B2: República de Colombia Instituto Colombiano de Bienestar Familiar Cecilia de la Fuente de Lleras Dirección de Abastecimiento
B8: Cotización - Servicios especializados de mesa de servicio y soporte en sitio a nivel nacional, valores agregados y conexos, para el instituto colombiano de bienestar familiar – ICBF – bajo la modalidad de outsourcing.
B10: EMPRESA: | M10: DIRECCIÓN: | T10: NIT: | W10: TEL. CELULAR :
B11: CONTACTO | J11: CARGO: | M11: E-MAIL: | T11: FECHA: | W11: TELEFONO FIJO:
B13: Instrucciones para el diligenciamiento del formato de cotización
B14: • Por favor diligenciar solo las celdas en AMARILLO. Se deben llenar todas las casillas. • Revisar todos los requerimientos que se exponen en el documento "Ficha de Condiciones Técnicas" y Anexos (FCT); y formular su cotización en concordancia con este. • El valor de la cotización deber ser expresado en PESOS COLOMBIANOS. • Los valores unitarios deberán aproximarse por exceso o por defecto al entero más cercano. Si la cifra no está aproximada y aparece con centavos, el ICBF aproximará al entero inferior. • No modificar, agregar o quitar ningún ítem o sub-ítem. Notas: (1) El valor total de la cotización deberá incluir la totalidad de los meses contemplados en el plazo de ejecución del contrato (Numeral 9 de la FCT), teniendo en cuenta que durante los meses de la etapa de transición (2 primeros meses de ejecución) no se generará factura. Se estima para el presente estudio de mercado que la etapa de transición será durante los meses de noviembre y diciembre del 2014. Sin embargo, los meses facturables de operación del año 2015 dependerán de la fecha de legalización e inicio del contrato y de los meses en los que efectivamente se realice la etapa de transición. Se precisa que los 7 meses facturables de operación contemplados para el año 2018, incluyen los 3 meses finales de entrega al futuro nuevo operador. (2) Para la Herramienta de gestión se debe seleccionar en la celda "C23" la Unidad de Medida, Usuarios o Licencias, según el sistema de facturación de la herramienta ofrecida. (3) Para el presente estudio de mercado, con respecto a la Mesa de Servicio, se establece el siguiente supuesto: Todos los tickets creados dentro de un mes serán solucionados por el contratista dentro del mes de creación.
B16: Servicio | C16: Unidad de Medida | D16: 2015 | E16: 2016 | F16: 2017 | G16: 2018 | H16: 2015 | M16: 2016 | R16: 2017 | W16: 2018 | AB16: Total contratación
D17: Cantidad por mes para cada año | K17: =+"Meses facturables de Operación "&H16 -> Meses facturables de Operación 2015 | L17: 12 | P17: =+"Meses facturables de Operación "&M16 -> Meses facturables de Operación 2016 | Q17: 12 | U17: =+"Meses facturables de Operación "&R16 -> Meses facturables de Operación 2017 | V17: 12 | Z17: =+"Meses facturables de Operación "&W16 -> Meses facturables de Operación 2018 | AA17: 7
H18: Valor Unitario Creación Tickets (para mesa de servicio) | I18: Valor Unitario Solución Tickets (para mesa de servicio) | J18: Valor Unitario Mensual | K18: Valor Mensual | L18: Valor Total Anual | M18: Valor Unitario Creación Tickets (para mesa de servicio) | N18: Valor Unitario Solución Tickets (para mesa de servicio) | O18: Valor Unitario Mensual | P18: Valor Mensual | Q18: Valor Total Anual | R18: Valor Unitario Creación Tickets (para mesa de servicio) | S18: Valor Unitario Solución Tickets (para mesa de servicio) | T18: Valor Unitario Mensual | U18: Valor Mensual | V18: Valor Total Anual | W18: Valor Unitario Creación Tickets (para mesa de servicio) | X18: Valor Unitario Solución Tickets (para mesa de servicio) | Y18: Valor Unitario Mensual | Z18: Valor Mensual | AA18: Valor Total Anual | AD18: Control
B19: Herramienta de Gestión (Nota 2) | D19: =+IF($C19="","Selecc.C23",IF($C19="Usuarios",HLOOKUP(D$16,'Anexo No. 2'!$E$7:$H$14,3,0),IF($C19="Licencias",HLOOKUP(D$16,'Anexo No. 2'!$E$7:$H$14,2,0)))) -> Selecc.C23 | E19: =+IF($C19="","Selecc.C23",IF($C19="Usuarios",HLOOKUP(E$16,'Anexo No. 2'!$E$7:$H$14,3,0),IF($C19="Licencias",HLOOKUP(E$16,'Anexo No. 2'!$E$7:$H$14,2,0)))) -> Selecc.C23 | F19: =+IF($C19="","Selecc.C23",IF($C19="Usuarios",HLOOKUP(F$16,'Anexo No. 2'!$E$7:$H$14,3,0),IF($C19="Licencias",HLOOKUP(F$16,'Anexo No. 2'!$E$7:$H$14,2,0)))) -> Selecc.C23 | G19: =+IF($C19="","Selecc.C23",IF($C19="Usuarios",HLOOKUP(G$16,'Anexo No. 2'!$E$7:$H$14,3,0),IF($C19="Licencias",HLOOKUP(G$16,'Anexo No. 2'!$E$7:$H$14,2,0)))) -> Selecc.C23 | K19: =+IF(C19=0,0,(HLOOKUP(H$16,$D$16:$G$26,4,0)))*J19 -> 0 | L19: =+K19*L$17 -> 0 | P19: =+IF(C19=0,0,(HLOOKUP(M$16,$D$16:$G$26,4,0)))*O19 -> 0 | Q19: =+P19*Q$17 -> 0 | U19: =+IF(C19=0,0,(HLOOKUP(R$16,$D$16:$G$26,4,0)))*T19 -> 0 | V19: =+U19*V$17 -> 0 | Z19: =+IF(C19=0,0,(HLOOKUP(W$16,$D$16:$G$26,4,0)))*Y19 -> 0 | AA19: =+Z19*AA$17 -> 0 | AB19: =L19+Q19+V19+AA19 -> 0 | AD19: =+L19/L$17/D19-J19 -> #VALUE! | AE19: =+Q19/Q$17/E19-O19 -> #VALUE! | AF19: =+V19/V$17/F19-T19 -> #VALUE! | AG19: =+AA19/AA$17/G19-Y19 -> #VALUE!
B20: Mesa de Servicio (Nota 3) | C20: No. de usuarios VIP | D20: =+HLOOKUP(D$16,'Anexo No. 2'!$E$7:$H$15,4,0) -> 50 | E20: =+HLOOKUP(E$16,'Anexo No. 2'!$E$7:$H$15,4,0) -> 50 | F20: =+HLOOKUP(F$16,'Anexo No. 2'!$E$7:$H$15,4,0) -> 50 | G20: =+HLOOKUP(G$16,'Anexo No. 2'!$E$7:$H$15,4,0) -> 50 | J20: =+H20+I20 -> 0 | K20: =+IF(J20=0,0,(HLOOKUP(H$16,$D$16:$G$26,5,0)))*J20 -> 0 | L20: =+K20*L$17 -> 0 | O20: =+M20+N20 -> 0 | P20: =+IF(O20=0,0,(HLOOKUP(M$16,$D$16:$G$26,5,0)))*O20 -> 0 | Q20: =+P20*Q$17 -> 0 | T20: =+R20+S20 -> 0 | U20: =+IF(T20=0,0,(HLOOKUP(R$16,$D$16:$G$26,5,0)))*T20 -> 0 | V20: =+U20*V$17 -> 0 | Y20: =+W20+X20 -> 0 | Z20: =+IF(Y20=0,0,(HLOOKUP(W$16,$D$16:$G$26,5,0)))*Y20 -> 0 | AA20: =+Z20*AA$17 -> 0 | AB20: =L20+Q20+V20+AA20 -> 0 | AD20: =+L20/L$17/D20-J20 -> 0 | AE20: =+Q20/Q$17/E20-O20 -> 0 | AF20: =+V20/V$17/F20-T20 -> 0 | AG20: =+AA20/AA$17/G20-Y20 -> 0
C21: Tickets Incidentes | D21: =+HLOOKUP(D$16,'Anexo No. 2'!$E$7:$H$15,5,0) -> 8420 | E21: =+HLOOKUP(E$16,'Anexo No. 2'!$E$7:$H$15,5,0) -> 8841 | F21: =+HLOOKUP(F$16,'Anexo No. 2'!$E$7:$H$15,5,0) -> 9283 | G21: =+HLOOKUP(G$16,'Anexo No. 2'!$E$7:$H$15,5,0) -> 9747 | J21: =+H21+I21 -> 0 | K21: =+IF(J21=0,0,(HLOOKUP(H$16,$D$16:$G$26,6,0)))*J21 -> 0 | L21: =+K21*L$17 -> 0 | O21: =+M21+N21 -> 0 | P21: =+IF(O21=0,0,(HLOOKUP(M$16,$D$16:$G$26,6,0)))*O21 -> 0 | Q21: =+P21*Q$17 -> 0 | T21: =+R21+S21 -> 0 | U21: =+IF(T21=0,0,(HLOOKUP(R$16,$D$16:$G$26,6,0)))*T21 -> 0 | V21: =+U21*V$17 -> 0 | Y21: =+W21+X21 -> 0 | Z21: =+IF(Y21=0,0,(HLOOKUP(W$16,$D$16:$G$26,6,0)))*Y21 -> 0 | AA21: =+Z21*AA$17 -> 0 | AB21: =L21+Q21+V21+AA21 -> 0 | AD21: =+L21/L$17/D21-J21 -> 0 | AE21: =+Q21/Q$17/E21-O21 -> 0 | AF21: =+V21/V$17/F21-T21 -> 0 | AG21: =+AA21/AA$17/G21-Y21 -> 0
C22: Tickets Requerimientos | D22: =+HLOOKUP(D$16,'Anexo No. 2'!$E$7:$H$15,6,0) -> 5450 | E22: =+HLOOKUP(E$16,'Anexo No. 2'!$E$7:$H$15,6,0) -> 5723 | F22: =+HLOOKUP(F$16,'Anexo No. 2'!$E$7:$H$15,6,0) -> 6009 | G22: =+HLOOKUP(G$16,'Anexo No. 2'!$E$7:$H$15,6,0) -> 6309 | J22: =+H22+I22 -> 0 | K22: =+IF(J22=0,0,(HLOOKUP(H$16,$D$16:$G$26,7,0)))*J22 -> 0 | L22: =+K22*L$17 -> 0 | O22: =+M22+N22 -> 0 | P22: =+IF(O22=0,0,(HLOOKUP(M$16,$D$16:$G$26,7,0)))*O22 -> 0 | Q22: =+P22*Q$17 -> 0 | T22: =+R22+S22 -> 0 | U22: =+IF(T22=0,0,(HLOOKUP(R$16,$D$16:$G$26,7,0)))*T22 -> 0 | V22: =+U22*V$17 -> 0 | Y22: =+W22+X22 -> 0 | Z22: =+IF(Y22=0,0,(HLOOKUP(W$16,$D$16:$G$26,7,0)))*Y22 -> 0 | AA22: =+Z22*AA$17 -> 0 | AB22: =L22+Q22+V22+AA22 -> 0 | AD22: =+L22/L$17/D22-J22 -> 0 | AE22: =+Q22/Q$17/E22-O22 -> 0 | AF22: =+V22/V$17/F22-T22 -> 0 | AG22: =+AA22/AA$17/G22-Y22 -> 0
C23: Tickets IMACs | D23: =+HLOOKUP(D$16,'Anexo No. 2'!$E$7:$H$15,7,0) -> 700 | E23: =+HLOOKUP(E$16,'Anexo No. 2'!$E$7:$H$15,7,0) -> 735 | F23: =+HLOOKUP(F$16,'Anexo No. 2'!$E$7:$H$15,7,0) -> 772 | G23: =+HLOOKUP(G$16,'Anexo No. 2'!$E$7:$H$15,7,0) -> 811 | J23: =+H23+I23 -> 0 | K23: =+IF(J23=0,0,(HLOOKUP(H$16,$D$16:$G$26,8,0)))*J23 -> 0 | L23: =+K23*L$17 -> 0 | O23: =+M23+N23 -> 0 | P23: =+IF(O23=0,0,(HLOOKUP(M$16,$D$16:$G$26,8,0)))*O23 -> 0 | Q23: =+P23*Q$17 -> 0 | T23: =+R23+S23 -> 0 | U23: =+IF(T23=0,0,(HLOOKUP(R$16,$D$16:$G$26,8,0)))*T23 -> 0 | V23: =+U23*V$17 -> 0 | Y23: =+W23+X23 -> 0 | Z23: =+IF(Y23=0,0,(HLOOKUP(W$16,$D$16:$G$26,8,0)))*Y23 -> 0 | AA23: =+Z23*AA$17 -> 0 | AB23: =L23+Q23+V23+AA23 -> 0 | AD23: =+L23/L$17/D23-J23 -> 0 | AE23: =+Q23/Q$17/E23-O23 -> 0 | AF23: =+V23/V$17/F23-T23 -> 0 | AG23: =+AA23/AA$17/G23-Y23 -> 0
C24: Subtotal - Mesa de Servicio | K24: =+SUM(K20:K23) -> 0 | L24: =+SUM(L20:L23) -> 0 | P24: =+SUM(P20:P23) -> 0 | Q24: =+SUM(Q20:Q23) -> 0 | U24: =+SUM(U20:U23) -> 0 | V24: =+SUM(V20:V23) -> 0 | Z24: =+SUM(Z20:Z23) -> 0 | AA24: =+SUM(AA20:AA23) -> 0 | AB24: =L24+Q24+V24+AA24 -> 0
B25: Soporte en Sitio Especializado | C25: Sedes con soporte en sitio | D25: =+HLOOKUP(D$16,'Anexo No. 2'!$E$7:$H$15,8,0) -> 158 | E25: =+HLOOKUP(E$16,'Anexo No. 2'!$E$7:$H$15,8,0) -> 163 | F25: =+HLOOKUP(F$16,'Anexo No. 2'!$E$7:$H$15,8,0) -> 168 | G25: =+HLOOKUP(G$16,'Anexo No. 2'!$E$7:$H$15,8,0) -> 173 | K25: =+IF(J25=0,0,(HLOOKUP(H$16,$D$16:$G$26,10,0)))*J25 -> 0 | L25: =+K25*L$17 -> 0 | P25: =+IF(O25=0,0,(HLOOKUP(M$16,$D$16:$G$26,10,0)))*O25 -> 0 | Q25: =+P25*Q$17 -> 0 | U25: =+IF(T25=0,0,(HLOOKUP(R$16,$D$16:$G$26,10,0)))*T25 -> 0 | V25: =+U25*V$17 -> 0 | Z25: =+IF(Y25=0,0,(HLOOKUP(W$16,$D$16:$G$26,10,0)))*Y25 -> 0 | AA25: =+Z25*AA$17 -> 0 | AB25: =L25+Q25+V25+AA25 -> 0 | AD25: =+L25/L$17/D25-J25 -> 0 | AE25: =+Q25/Q$17/E25-O25 -> 0 | AF25: =+V25/V$17/F25-T25 -> 0 | AG25: =+AA25/AA$17/G25-Y25 -> 0
B26: Organización del proyecto | C26: Valor Global mensual | L26: =+K26*L$17 -> 0 | Q26: =+P26*Q$17 -> 0 | V26: =+U26*V$17 -> 0 | AA26: =+Z26*AA$17 -> 0 | AB26: =L26+Q26+V26+AA26 -> 0 | AD26: =+L26/L$17-K26 -> 0 | AE26: =+Q26/Q$17-P26 -> 0 | AF26: =+V26/V$17-U26 -> 0 | AG26: =+AA26/AA$17-Z26 -> 0
B27: Subtotal mensual y anual antes de IVA | K27: =+K26+K25+K24+K19 -> 0 | L27: =+L26+L25+L24+L19 -> 0 | P27: =+P26+P25+P24+P19 -> 0 | Q27: =+Q26+Q25+Q24+Q19 -> 0 | U27: =+U26+U25+U24+U19 -> 0 | V27: =+V26+V25+V24+V19 -> 0 | Z27: =+Z26+Z25+Z24+Z19 -> 0 | AA27: =+AA26+AA25+AA24+AA19 -> 0 | AB27: =L27+Q27+V27+AA27 -> 0
B28: IVA (Tarifa 16%) | K28: =+K27*16% -> 0 | L28: =+K28*L17 -> 0 | P28: =+P27*16% -> 0 | Q28: =+P28*Q17 -> 0 | U28: =+U27*16% -> 0 | V28: =+U28*V17 -> 0 | Z28: =+Z27*16% -> 0 | AA28: =+Z28*AA17 -> 0 | AB28: =L28+Q28+V28+AA28 -> 0
B29: Total mensual y anual incluido IVA | K29: =+K28+K27 -> 0 | L29: =+L27+L28 -> 0 | P29: =+P28+P27 -> 0 | Q29: =+Q27+Q28 -> 0 | U29: =+U28+U27 -> 0 | V29: =+V27+V28 -> 0 | Z29: =+Z28+Z27 -> 0 | AA29: =+AA27+AA28 -> 0 | AB29: =L29+Q29+V29+AA29 -> 0
B31: RESUMEN IVA INCLUIDO | D31: =+H16 -> 2015 | H31: =+M16 -> 2016 | K31: =+R16 -> 2017 | M31: =+W16 -> 2018 | P31: Total Cotización
B32: Servicio | D32: Valor Mensual IVA Incluido | F32: Valor Total Anual | H32: Valor Mensual IVA Incluido | J32: Valor Total Anual | K32: Valor Mensual IVA Incluido | L32: Valor Total Anual | M32: Valor Mensual IVA Incluido | O32: Valor Total Anual | P32: Valor Total
B33: Herramienta de Gestión | D33: =+ROUND((K19*1.16),0) -> 0 | F33: =+D33*$L$17 -> 0 | H33: =+ROUND((P19*1.16),0) -> 0 | J33: =+H33*$Q$17 -> 0 | K33: =+ROUND((U19*1.16),0) -> 0 | L33: =+K33*$V$17 -> 0 | M33: =+ROUND((Z19*1.16),0) -> 0 | O33: =+M33*$AA$17 -> 0 | P33: =+F33+J33+L33+O33 -> 0
B34: Mesa de Servicio | D34: =+ROUND((K24*1.16),0) -> 0 | F34: =+D34*$L$17 -> 0 | H34: =+ROUND((P24*1.16),0) -> 0 | J34: =+H34*$Q$17 -> 0 | K34: =+ROUND((U24*1.16),0) -> 0 | L34: =+K34*$V$17 -> 0 | M34: =+ROUND((Z24*1.16),0) -> 0 | O34: =+M34*$AA$17 -> 0 | P34: =+F34+J34+L34+O34 -> 0
B35: Soporte en Sitio Especializado | D35: =+ROUND((K25*1.16),0) -> 0 | F35: =+D35*$L$17 -> 0 | H35: =+ROUND((P25*1.16),0) -> 0 | J35: =+H35*$Q$17 -> 0 | K35: =+ROUND((U25*1.16),0) -> 0 | L35: =+K35*$V$17 -> 0 | M35: =+ROUND((Z25*1.16),0) -> 0 | O35: =+M35*$AA$17 -> 0 | P35: =+F35+J35+L35+O35 -> 0
B36: Organización del proyecto | D36: =+ROUND((K26*1.16),0) -> 0 | F36: =+D36*$L$17 -> 0 | H36: =+ROUND((P26*1.16),0) -> 0 | J36: =+H36*$Q$17 -> 0 | K36: =+ROUND((U26*1.16),0) -> 0 | L36: =+K36*$V$17 -> 0 | M36: =+ROUND((Z26*1.16),0) -> 0 | O36: =+M36*$AA$17 -> 0 | P36: =+F36+J36+L36+O36 -> 0
B37: Total IVA incluido | D37: =+SUM(D33:E36) -> 0 | F37: =+SUM(F33:G36) -> 0 | H37: =+SUM(H33:I36) -> 0 | J37: =+H37*$Q$17 -> 0 | K37: =+SUM(K33:K36) -> 0 | L37: =+K37*$V$17 -> 0 | M37: =+SUM(M33:N36) -> 0 | O37: =+M37*$AA$17 -> 0 | P37: =+SUM(P33:P36) -> 0
B39: La presente cotización:
B40: • Incluye todos los costos y gastos directos e indirectos en que debe incurrir el contratista durante la ejecución del contrato de acuerdo con las especificaciones de la Ficha de Condiciones Técnicas, las obligaciones tributarias de acuerdo con las normas aplicables para el tipo de servicio y contrato correspondiente, y los costos de las pólizas. • Se remite como parte del estudio de mercado, previo a la contratación, y no implica ninguna obligación de contratar. • Tiene una vigencia de 90 días a partir de la fecha de diligenciamiento.
B41: Inscripción en el Registro Único de Proponentes: Las personas naturales y jurídicas, nacionales o extranjeras, con domicilio en Colombia, interesadas en participar en procesos de contratación convocados por las entidades estatales, deben estar inscritas en el RUP, salvo las excepciones previstas de forma taxativa en la ley (Artículo 8 del Decreto 1510 de 2013). Se aclara que esta inscripción no se requiere para remitir cotización durante el estudio de mercado.
B43: Control | D43: =+D37-K29 -> 0 | E43: =+D37-K29 -> 0 | F43: =+F37-L29 -> 0 | H43: =+H37-P29 -> 0 | I43: =+H37-O29 -> 0 | J43: =+J37-Q29 -> 0 | K43: =+K37-U29 -> 0 | L43: =+L37-V29 -> 0 | M43: =+M37-Z29 -> 0 | N43: =+M37-T29 -> 0 | O43: =+O37-AA29 -> 0 | P43: =+P37-AB29 -> 0

Sheet INFO GENERAL Y FINANCIERA
B8: Formato Información General Y Financiera De Proveedores
B10: Ciudad | M10: Fecha Dd/mm/aa | AD10: Persona Natural
AD11: Persona Jurídica
B12: 1. Información General
B13: 1.1. Identificación.
B14: Personas naturales | F14: Nombre Comercial | U14: Nombres y Apellidos | AK14: Cédula
B16: Personas jurídicas | F16: Razón Social | U16: NIT | AK16: DV
B18: Dirección | U18: Teléfono | AD18: Fax | AK18: Ciudad
B20: Pagina Web | U20: Años de Constitución | AD20: Sector al que pertenece
B22: 1.2. Personas De Contacto
B23: Gerente General | K23: E-mail | U23: Teléfono | AD23: Ext. | AK23: Celular
B25: Director Comercial | K25: E-mail | U25: Teléfono | AD25: Ext. | AK25: Celular
B27: Asesor Comercial | K27: E-mail | U27: Teléfono | AD27: Ext. | AK27: Celular
B29: 1.3. Productos Y Servicios Inscritos En El Rup De Acuerdo Con El Unspsc
B30: Incluir Listado Con Breve Descripción De Los Productos Y/o Servicios Que Ofrece La Compañía, Registrados En El Rup (agregue Las Filas Necesarias) | AK30: Código de Naciones Unidas
B36: 1.4. Códigos CIIU | AK36: 1.5. Número De Empleados
B37: Código De Actividad | F37: Descripción Actividad Económica CIIU | AD37: Tarifa ICA
B41: 2. Información Financiera - A Diciembre 31 De 2013
B42: Nombre Del Indicador | M42: Cuenta | U42: Valores En Pesos | AD42: Indicador
B43: Capacidad Financiera | F43: índice De Liquidez | M43: Activo Corriente --> | AD43: =+IFERROR(U43/U44,0) -> 0 | AK43: Veces
M44: Pasivo Corriente -->
F45: Índice De Endeudamiento | M45: Pasivo Total--> | AD45: =+IFERROR(U45/U46,0) -> 0 | AK45: Porcentaje
M46: Activo Total-->
F47: Razón De Cobertura De Intereses | M47: Utilidad Operacional--> | AD47: =+IFERROR(U47/U48,0) -> 0 | AK47: Veces
M48: Gastos De Interés-->
B49: Capacidad Organizacional | F49: Rentabilidad Del Patrimonio | M49: Utilidad Operacional--> | AD49: =+IFERROR(U49/U50,0) -> 0 | AK49: Porcentaje
M50: Patrimonio-->
F51: Rentabilidad Del Activo | M51: Utilidad Operacional--> | AD51: =+IFERROR(U51/U52,0) -> 0 | AK51: Porcentaje
M52: Activo Total-->
B53: Nota: Para las empresas inspeccionadas, vigiladas o controladas por la Supersociedades, la información consignada en este numeral será validada con la reportada a la Supersociedades y disponible para consulta en Internet mediante el Sistema de Información y Riesgo Empresarial de la Supersociedades (SIREM). Si se evidencian diferencias en los valores consignados en este formato y los reportados a la Supersociedades se tomará como referencia la información del SIREM.
B54: Otra información relevante de la empresa (consigne en este espacio otra información que considere de interés)

Sheet POLIZAS
B9: CONCEPTOS A TENER EN CUENTA PARA REALIZAR LA COTIZACIÓN DE DOTACIÓN INDUSTRIAL
B12: El presente cuadro es de carácter informativo, no se debe diligenciar. Sin embargo se entiende que la cotización incluye la totalidad de los conceptos relacionados a continuación.
B14: POLIZAS PARA LEGALIZACIÓN DEL CONTRATO
B16: CONCEPTO | D16: COBERTURA | E16: PLAZO (En Meses)
B17: Garantía de Seriedad de la oferta | D17: 0.1 | E17: Plazo de Ejecución
B18: Cumplimiento | D18: 0.2 | E18: Plazo de ejecución + 4 meses mas
B19: Salarios, Prestaciones | D19: 0.1 | E19: Plazo de ejecución + 36 meses mas
B20: Calidad de los Servicios | D20: 0.2 | E20: Plazo de ejecución + 4 meses mas
B21: Responsabilidad civil extracontraactual | D21: 0.1 | E21: Plazo de Ejecución
B22: Cobertura: Corresponde al porcentaje del valor total del contrato a amparar.

Sheet INFO EXPERIENCIA
B8: EXPERIENCIA EN CONTRATACION EN LOS ULTIMOS 5 AÑOS
B9: EXPERIENCIA EN CONTRATACIÓN EN LOS ÚLTIMOS 5 AÑOS
B11: Empresa: | C11: =+'Mesa de Servicio'!D10 -> 0 | F11: Nit: | G11: =+'Mesa de Servicio'!U10 -> 0 | I11: Fecha: | J11: =+'Mesa de Servicio'!U11 -> 0
B12: Contacto: | C12: =+'Mesa de Servicio'!D11 -> 0 | F12: Cargo: | G12: =+'Mesa de Servicio'!K11 -> 0 | I12: Tel. celular: | J12: =+'Mesa de Servicio'!Z10 -> 0
B13: E-Mail: | C13: =+'Mesa de Servicio'!O11 -> 0 | F13: Dirección: | G13: =+'Mesa de Servicio'!O10 -> 0 | I13: Tel. fijo: | J13: =+'Mesa de Servicio'!Z11 -> 0
B15: Con el fin de conocer la experiencia con la que cuentan las empresas del sector relacionada con el objeto del presente estudio de mercado, agradecemos diligenciar el cuadro que sigue con base en los contratos suscritos en los últimos 5 años, cuyos objetos están relacionados con el objeto del presente estudio de mercado
B17: Tipo de entidad | C17: Entidad o Empresa | D17: Numero del contrato | E17: Objeto del contrato | F17: Fecha de suscripción (dd/mmm/aa) | G17: Plazo de ejecución (en años) | H17: Forma de participación (UT, consorcio, individual) | I17: % de participación | J17: Valor total ejecutado del contrato (de acuerdo con el % de participación)
B29: Nota: Agregar las filas necesarias para reportar la experiencia
